 Dungeon Crawl Stone Soup version 0.32-a0-607-g64ea0e4219 (webtiles) character file.

Game seed: 9269010139548546215

639 pokeman the Magician (level 7, -9/40 HPs)
             Began as a Deep Elf Hedge Wizard on Mar 4, 2024.
             Killed by nerve-wracking pain
             ... invoked by Grinder
              (14 damage)
             ... while paralysed by Grinder
             ... on level 4 of the Dungeon.
             The game lasted 00:07:52 (3924 turns).

pokeman the Magician (Deep Elf Hedge Wizard)        Turns: 3924, Time: 00:07:53

Health: -9/40      AC:  7    Str:  7    XL:     7   Next: 25%
Magic:  10/20      EV:  2    Int: 21    God:
Gold:   194        SH:  0    Dex: 14    Spells: 13/21 levels left

rFire   . . .        r - +6 hammer "Elf's Regret" {spect, rC++}
rCold   + + .        (no shield)
rNeg    . . .        b - +0 robe
rPois   .            B - +0 helmet
rElec   .            q - +2 cloak
rCorr   .            (no gloves)
SInv    .            z - +0 pair of boots
Will    .....        g - amulet of reflection
Stlth   ++           (no ring)
HPRegen 0.26/turn    (no ring)
MPRegen 0.17/turn

%: reflection
@: paralysed
A: no striking features
a: no special abilities


You were on level 4 of the Dungeon.
You visited 1 branch of the dungeon, and saw 5 of its levels.

You collected 194 gold pieces.

Inventory:

Hand Weapons
 p - a +4 quarterstaff of chaos
 r - the +6 hammer "Elf's Regret" (weapon) {spect, rC++}
   (You found it on level 2 of the Dungeon)

   rC++:      It greatly protects you from cold.
Missiles
 v - a throwing net
Armour
 b - a +0 robe (worn)
 q - a +2 cloak (worn)
 z - a +0 pair of boots (worn)
 B - a +0 helmet (worn)
Jewellery
 g - an amulet of reflection (around neck)
 k - a ring of fire
Wands
 s - a wand of mindburst (9)
Scrolls
 a - 2 scrolls of poison {unknown}
 j - a scroll of enchant armour {unknown}
 l - a scroll of blinking {unknown}
 m - 2 scrolls of vulnerability {unknown}
 u - a scroll of enchant weapon {unknown}
 x - a scroll of teleportation {unknown}
 y - a scroll of identify {unknown}
Potions
 d - a potion of magic
 e - 2 potions of ambrosia {unknown}
 f - a potion of curing {unknown}
 h - 2 potions of attraction {unknown}
 i - a potion of lignification {unknown}
 n - a potion of haste {unknown}
 o - 2 potions of heal wounds {unknown}
 t - 2 potions of enlightenment {unknown}
 w - a potion of might {unknown}
 A - a potion of cancellation {unknown}


   Skills:
 + Level 2.0 Fighting
 - Level 2.2 Armour
 - Level 3.0 Dodging
 - Level 3.0 Stealth
 * Level 7.7 Spellcasting
 + Level 3.8 Conjurations
 - Level 1.1 Summonings
 - Level 1.1 Translocations
 - Level 1.0 Air Magic
 - Level 1.0 Alchemy
 - Level 1.1 Evocations


You had 13 spell levels left.
You knew the following spells:

 Your Spells              Type           Power      Damage    Failure   Level
a - Magic Dart            Conj           96%        1d7       1%          1
b - Mephitic Cloud        Conj/Alch/Air  16%        N/A       11%         3
c - Call Imp              Summ           24%        N/A       8%          2
d - Blink                 Tloc           24%        N/A       8%          2

Your spell library contained the following spells:

 Spells                   Type           Power      Damage    Failure   Level
 Slow                     Hex            32%        N/A       9%          1
 Cigotuvi's Dreadful Rot  Necr/Alch/Air  20%        N/A       10%         2


Dungeon Overview and Level Annotations

Branches:
Dungeon (5/15)             Temple (0/1) D:4

Altars:
Cheibriados
Makhleb
Yredelemnul

Annotations:
D:4 Grinder


Message History

A jackal comes into view.
Your cerulean imp hits Grinder but does no damage.
Grinder gestures at your cerulean imp.
Your cerulean imp resists with some effort.
Your cerulean imp hits Grinder with a -3 spear.
Grinder gestures at your cerulean imp.
Your cerulean imp resists with some effort.
A jelly comes into view.
Grinder blinks!
Grinder attacks as she pursues you! Grinder misses you.
Casting: Call Imp (safe; 8% risk of failure)
Confirm with . or Enter, or press ? or * to list all spells.
A tiny devil pulls itself out of the air.
The jelly quivers.
Your cerulean imp disappears in a puff of smoke!
Grinder gestures at you.
You struggle to resist.
Grinder hits your cerulean imp!
The jelly jiggles.
Your cerulean imp closely misses Grinder.
Your cerulean imp misses Grinder.
Your cerulean imp hits Grinder from afar with a -3 spear.
Found a staircase to the Ecumenical Temple.
Your cerulean imp closely misses Grinder.
Grinder gestures at you.
You suddenly lose the ability to move!
A jackal comes into view.
Your cerulean imp closely misses Grinder.
Grinder zaps a wand.
The puff of flame hits you. The jelly hits you but does no damage.
Your cerulean imp closely misses Grinder.
Grinder zaps a wand.
The puff of flame hits you!
* * * LOW HITPOINT WARNING * * *
A jackal comes into view.
The jelly hits you but does no damage.
Your cerulean imp completely misses Grinder.
Grinder gestures at you. Pain shoots through your body!
You die...
Grinder sighs, "Dead already?
I want a refund."

....###.#######.#.~.# ..
............####.~.# . .
.#..........####~~~# ..
#...............#~~.#
..##. ###.........$#~~b#
.....##....5..h....##~#
>.....#.......h....#####
.......J..5.......§§....
.##...@...h.......§##..
##..#.................
..... #.............##.#
...# #......#####..##.#
.. #......# #...#!# #
####.#.# #.#.#.# .#.# #.
...# .# # ..


You could see Grinder (ally target), a jelly, 3 jackals and a friendly cerulean
imp (summoned).

Vanquished Creatures
  Edmund (D:4)
  2 scorpions
  2 hounds
  A jelly (D:3)
  An orc priest (D:5)
  A bombardier beetle (D:4)
  Crazy Yiuf (D:2)
  Ijyb (D:4)
  An orc wizard (D:5)
  6 adders
  A shadow imp (D:5)
  A white imp (D:5)
  A ribbon worm (D:4)
  A dart slug (D:2)
  3 orcs
  4 bats
  5 endoplasms
  3 giant cockroaches
  5 goblins
  4 hobgoblins
  13 kobolds
  A quokka (D:1)
  4 ball pythons
  2 frilled lizards
  2 rats
67 creatures vanquished.

Vanquished Creatures (collateral kills)
  A howler monkey (D:4)
1 creature vanquished.

Grand Total: 68 creatures vanquished

Notes
Turn   | Place    | Note
-------+----------+-------------------------------------------
     0 | D:1      | pokeman the Deep Elf Hedge Wizard began the quest for the
                  | Orb.
     0 | D:1      | Reached XP level 1. HP: 10/10 MP: 7/7
   410 | D:1      | Reached XP level 2. HP: 15/15 MP: 6/9
  1315 | D:2      | Reached skill level 5 in Spellcasting
  1420 | D:2      | Reached XP level 3. HP: 20/20 MP: 4/11
  1424 | D:2      | Learned a level 3 spell: Mephitic Cloud
  1427 | D:2      | Learned a level 2 spell: Call Imp
  1430 | D:2      | Learned a level 2 spell: Blink
  1969 | D:2      | Found a runed translucent door.
  1970 | D:2      | Noticed Crazy Yiuf
  1991 | D:2      | Killed Crazy Yiuf
  1992 | D:2      | Reached skill level 1 in Fighting
  1992 | D:2      | Reached skill level 1 in Armour
  1992 | D:2      | Reached XP level 4. HP: 20/25 MP: 2/13
  1995 | D:2      | Identified the +6 hammer "Elf's Regret" {spect, rC++}
  2189 | D:2      | Found a basalt altar of Yredelemnul.
  2206 | D:2      | Found a faded altar of an unknown god.
  2434 | D:2      | Identified the +16 crystal plate armour "Ukhia" {rN+ Str-5
                  | Slay+3}
  2622 | D:3      | You fall into a shaft and drop 2 floors!
  2622 | D:5      | Entered Level 5 of the Dungeon
  2658 | D:5      | Noticed a scorpion
  2666 | D:5      | Killed a scorpion
  2667 | D:5      | Reached skill level 6 in Spellcasting
  2667 | D:5      | Reached XP level 5. HP: 30/30 MP: 9/15
  2829 | D:5      | Reached XP level 6. HP: 35/35 MP: 11/17
  2908 | D:5      | Noticed a water moccasin
  2962 | D:4      | Noticed Ijyb
  2978 | D:4      | Noticed Edmund
  2980 | D:4      | Killed Ijyb
  2991 | D:4      | Killed Edmund
  2992 | D:4      | Reached skill level 7 in Spellcasting
  3101 | D:4      | Reached XP level 7. HP: 39/40 MP: 15/20
  3160 | D:4      | Found a burning altar of Makhleb.
  3160 | D:4      | Found a snail-covered altar of Cheibriados.
  3612 | D:3      | Reached skill level 1 in Air Magic
  3612 | D:3      | Reached skill level 1 in Alchemy
  3881 | D:4      | Noticed Grinder
  3890 | D:4      | Paralysed by Grinder for 4 turns
  3909 | D:4      | Reached skill level 1 in Evocations
  3921 | D:4      | Found a staircase to the Ecumenical Temple.
  3921 | D:4      | Paralysed by Grinder for 4 turns
  3924 | D:4      | Killed from afar by Grinder

Illustrated notes

Levels and vault maps discovered:
D:1:      saegor_arrival_simple_b, layout_loops_corners
D:2:      layout_basic, shapermc_ecumenical_altar_flowoftime, basic_altar,
          uniq_crazy_yiuf_cottage
D:3:      layout_rooms
D:4:      layout_rooms, mainiacjoe_overflow_divided_tiny,
          minmay_temple_entry_stoned_glass, serial_aquarium,
          aquarium_bridge_square [aquarium_subvault_window,
          aquarium_subvault_balcony, aquarium_subvault_bridge,
          aquarium_subvault_wall], aquarium_bridge_square
          [aquarium_subvault_window, aquarium_subvault_wall,
          aquarium_subvault_bridge, aquarium_subvault_wall],
          aquarium_window_double, aquarium_window_2, aquarium_window_2,
          aquarium_view_2g, aquarium_view_2c, aquarium_pool_2, minmay_pentangle,
          uniq_edmund, uniq_ijyb, uniq_sigmund, uniq_grinder
D:5:      layout_cave_pods, serial_shops, nicolae_shop_crystal

Skill      XL: |  1  2  3  4  5  6  7 |
---------------+----------------------+-----
Spellcasting   | 5 6 7 |  7.7
Conjurations   | 2 3 |  3.8
Fighting       | 1 2 |  2.0
Armour         | 1 2 |  2.2
Dodging        | 3 |  3.0
Air Magic      | 1 |  1.0
Alchemy        | 1 |  1.0
Stealth        | 3 |  3.0
Evocations     | 1 |  1.1
Summonings     | |  1.1
Translocations | |  1.1

Action                     |  1- 3 |  4- 6 |  7- 9 || total
---------------------------+-------+-------+-------++-------
  Melee: Dagger            |    14 |       |       ||    14
         Mace              |       |    63 |     7 ||    70
   Cast: Magic Dart        |    77 |    27 |    27 ||   131
         Mephitic Cloud    |     1 |     8 |     1 ||    10
         Call Imp          |     1 |       |     3 ||     4
         Blink             |       |       |     1 ||     1
   Stab: Confused          |     1 |     6 |       ||     7
         Sleeping          |       |     1 |       ||     1
 Armour: Robe              |    16 |    22 |     7 ||    45
  Dodge: Dodged            |    10 |    24 |     1 ||    35
  Block: Other             |       |     8 |       ||     8
         Reflection        |       |     1 |       ||     1

Table legend: (Time is in decaauts)
 A = Elapsed time spent in this place.
 B = Non-inter-level travel time spent in this place.
 C = Inter-level travel time spent in this place.
 D = Time resting spent in this place.
 E = Time spent auto-exploring this place.
 F = Levels seen in this place.
 G = Mean time per level.
                   A        B        C        D        E       F      G
               +--------+--------+--------+--------+--------+-----+--------+
         Total |   3950 |   3815 |    135 |      0 |   3216 |   5 |  790.0 |
       Dungeon |   3950 |   3815 |    135 |      0 |   3216 |   5 |  790.0 |
               +--------+--------+--------+--------+--------+-----+--------+

Top non-repeatable levels by time:
     D:2: 1268 daAuts
     D:1: 1244 daAuts
     D:3: 765 daAuts
     D:5: 344 daAuts
     D:4: 327 daAuts
